 Dungeon Crawl Stone Soup version 0.32-a0-172-gc5dd13f2a7 (webtiles) character file.

Game seed: 4759491973461093738

50 lunkers the Gusty (level 3, -2/31 HPs)
             Began as an Oni Air Elementalist on Feb 13, 2024.
             Slain by a scorpion (4 damage)
             ... on level 4 of the Dungeon.
             The game lasted 00:02:04 (2023 turns).

lunkers the Gusty (Oni Air Elementalist)            Turns: 2023, Time: 00:02:05

Health: -2/31      AC:  3    Str: 12    XL:     3   Next: 79%
Magic:  3/7        EV:  9    Int: 18    God:
Gold:   58         SH:  0    Dex:  9    Spells: 2/8 levels left

rFire   . . .        j - +0 dagger
rCold   . . .        (no shield)
rNeg    . . .        a - +0 robe
rPois   .            (helmet restricted)
rElec   .            (no cloak)
rCorr   .            (gloves unavailable)
SInv    .            (boots unavailable)
Will    .....        (no amulet)
Stlth   +            (no ring)
HPRegen 0.25/turn    (no ring)
MPRegen 0.10/turn

%: no passive effects
@: lethally poisoned (-2 -> -19)
A: large, unfitting armour, horns 1, tough skin 1, double potion healing,
drunken brawling
a: no special abilities


You were on level 4 of the Dungeon.
You visited 1 branch of the dungeon, and saw 3 of its levels.

You collected 58 gold pieces.

Inventory:

Hand Weapons
 j - a +0 dagger (weapon)
Armour
 a - a +0 robe (worn)
Scrolls
 e - 2 scrolls of enchant armour {unknown}
 f - a scroll of immolation
 g - a scroll of poison {unknown}
 i - a scroll of identify {unknown}
Potions
 b - a potion of magic
 c - a potion of heal wounds {unknown}
 d - a potion of haste {unknown}
 h - a potion of curing {unknown}


   Skills:
 - Level 1.7 Dodging
 - Level 1.4 Stealth
 + Level 3.2 Spellcasting
 - Level 0.8 Conjurations
 * Level 3.7 Air Magic


You had 2 spell levels left.
You knew the following spells:

 Your Spells              Type           Power      Damage    Failure   Level
b - Static Discharge      Conj/Air       22%        3-4/arc   10%         2
c - Swiftness             Air            16%        N/A       10%         3
p - Shock                 Conj/Air       44%        1d5       6%          1

Your spell library contained the following spells:

 Spells                   Type           Power      Damage    Failure   Level
 Airstrike                Air            8%         2d(2-18)  32%         4


Dungeon Overview and Level Annotations

Branches:
Dungeon (2/15)

Altars:


Innate Abilities, Weirdness & Mutations

You are too large for most types of armour.
You have a pair of small horns on your head.
You have tough skin. (AC +1)
You gain doubled healing and magic from potions.
Whenever you drink a healing potion, you attack all around you.


Message History

The scorpion stings you.
You are poisoned.
The scorpion poisons you!
Your magical contamination has completely faded away.
Unknown command.
You feel very sick.
You feel very sick. The scorpion stings you.
* * * LOW HITPOINT WARNING * * *
You are more poisoned.
The scorpion poisons you!
You feel very sick.
An orc comes into view. It is wielding a +0 short sword.
Found a stone staircase leading down.
You feel very sick. The scorpion attacks as it pursues you!
The scorpion stings you but does no damage.
Unknown command.
Aiming: Shock (safe; 6% risk of failure)
Press: ? - help, Q - select action, (/) - cycle Shift-Dir - straight line, f/p - scorpion
Aim: a scorpion (lightly wounded, 68% to hit)
The zap hits the scorpion.
The scorpion is lightly wounded.
The zap hits the scorpion.
The scorpion is moderately wounded.
You feel sick. The scorpion stings you.
* * * LOW HITPOINT WARNING * * *
You are more poisoned.
The scorpion poisons you!
Aiming: Shock (safe; 6% risk of failure)
Press: ? - help, Q - select action, (/) - cycle Shift-Dir - straight line, f/p - scorpion
Aim: a scorpion (moderately wounded, 68% to hit)
The zap hits the scorpion.
The scorpion is heavily wounded.
The zap hits the scorpion.
The scorpion is severely wounded.
* * * LOW HITPOINT WARNING * * *
You feel very sick. The scorpion stings you.
You die...

#o #.# .... .....
.....####+##
#........# .
#........# ...
#....@s..#######...$
#...................
#.......###...#####
#.......# ###....#
#......## .......
#......######.....##
#......'....+$....+
##.....######.....#
+.....'.# .......


You could see a scorpion and an orc (asleep).

Vanquished Creatures
  An adder (D:2)
  A dart slug (D:1)
  5 ball pythons
  2 endoplasms
  2 giant cockroaches (D:1)
  8 goblins
  3 hobgoblins (D:2)
  4 kobolds
  A quokka (D:1)
  4 bats
  A frilled lizard (D:1)
  3 rats
35 creatures vanquished.

Notes
Turn   | Place    | Note
-------+----------+-------------------------------------------
     0 | D:1      | lunkers the Oni Air Elementalist began the quest for the
                  | Orb.
     0 | D:1      | Reached XP level 1. HP: 16/16 MP: 3/3
   395 | D:1      | Reached XP level 2. HP: 24/24 MP: 1/5
   455 | D:1      | Found a faded altar of an unknown god.
   745 | D:1      | Learned a level 2 spell: Static Discharge
  1204 | D:1      | Reached XP level 3. HP: 31/31 MP: 4/7
  1982 | D:2      | Learned a level 3 spell: Swiftness
  1993 | D:2      | You fall into a shaft and drop 2 floors!
  2010 | D:4      | Noticed a scorpion
  2023 | D:4      | Slain by a scorpion

Illustrated notes

Levels and vault maps discovered:
D:1:      sevenhm_arrival_forest_fort_small_3, layout_basic,
          hellmonk_ecumenical_altar_blasted
D:2:      layout_basic
D:4:      layout_basic, mainiacjoe_overflow_small_starburst,
          nemelex_diamond_rough_becter, zin_scriptorium,
          minmay_temple_entry_nine_rooms, uniq_sigmund

Skill      XL: |  1  2  3 |
---------------+----------+-----
Air Magic      | 3 |  3.7
Spellcasting   | 3 |  3.2
Dodging        | |  1.7
Stealth        | |  1.4
Conjurations   | |  0.8

Action                     || total
---------------------------++-------
  Melee: Unarmed           ||     3
         Dagger            ||     7
   Cast: Shock             ||    73
 Armour: Robe              ||    13
  Dodge: Dodged            ||     7

Table legend: (Time is in decaauts)
 A = Elapsed time spent in this place.
 B = Non-inter-level travel time spent in this place.
 C = Inter-level travel time spent in this place.
 D = Time resting spent in this place.
 E = Time spent auto-exploring this place.
 F = Levels seen in this place.
 G = Mean time per level.
                   A        B        C        D        E       F      G
               +--------+--------+--------+--------+--------+-----+--------+
         Total |   2022 |   1917 |    105 |      0 |   1712 |   3 |  674.0 |
       Dungeon |   2022 |   1917 |    105 |      0 |   1712 |   3 |  674.0 |
               +--------+--------+--------+--------+--------+-----+--------+

Top non-repeatable levels by time:
     D:1: 1526 daAuts
     D:2: 466 daAuts
     D:4: 29 daAuts
